 Dungeon Crawl Stone Soup version 0.25.0-9-g26727b657a (webtiles) character file.

Game seed: 17773423727411645674

42 mortelune the Caller (level 3, 0/24 HPs)
             Began as a Barachi Summoner on June 22, 2020.
             Killed from afar by Natasha (5 damage)
             ... with a magic dart
             ... on level 2 of the Dungeon.
             The game lasted 00:01:39 (2126 turns).

mortelune the Caller (Barachi Summoner)             Turns: 2126, Time: 00:01:40

Health: 0/24       AC:  2    Str:  9    XL:     3   Next: 56%
Magic:  4/7        EV: 12    Int: 16    God:
Gold:   64         SH:  0    Dex: 12    Spells: 1/7 levels left

rFire    . . .     SeeInvis .   e - +0 dagger
rCold    . . .     Gourm    .   (no shield)
rNeg     . . .     Faith    .   a - +0 robe
rPois    .         Spirit   .   (no helmet)
rElec    .         Reflect  .   (no cloak)
rCorr    .         Harm     .   (no gloves)
MR       .....                  (no boots)
Stlth    ++........             (no amulet)
HPRegen  0.08/turn              (no ring)
MPRegen  0.10/turn              (no ring)

@: slow
A: +LOS, swims, slowness 1, strong legs 1
a: Hop


You were on level 2 of the Dungeon.
You were hungry.

You visited 1 branch of the dungeon, and saw 2 of its levels.

You collected 64 gold pieces.

Inventory:

Hand Weapons
 e - a +0 dagger (weapon)
Armour
 a - a +0 robe (worn)
Scrolls
 b - a scroll of fear {unknown}
 d - a scroll of random uselessness {unknown}
 f - a scroll of fog {unknown}
 g - a scroll of blinking {unknown}
 i - 3 scrolls of identify {unknown}
 k - 2 scrolls of teleportation {unknown}
Potions
 h - a potion of resistance {unknown}
 j - a potion of haste {unknown}
 l - 2 potions of curing {unknown}
Comestibles
 c - 5 rations


   Skills:
 - Level 2.1 Dodging
 - Level 1.7 Stealth
 + Level 2.9 Spellcasting
 * Level 5.8 Summonings


You had one spell level left.
You knew the following spells:

 Your Spells              Type           Power        Failure   Level  Hunger
a - Summon Small Mammal   Summ           ###.         1%          1    #......
b - Call Imp              Summ           ###.....     2%          2    ##.....
c - Call Canine Familiar  Summ           ###.....     4%          3    ###....

Your spell library contained the following spells:

 Spells                   Type           Power        Failure   Level  Hunger
 Summon Guardian Golem    Hex/Summ       ##......     17%         3    ###....
 Summon Ice Beast         Ice/Summ       ##......     50%         4    #####..
 Summon Lightning Spire   Summ/Air       ##......     50%         4    #####..


Dungeon Overview and Level Annotations

Branches:
Dungeon (2/15)

Altars:
Elyvilon

Annotations:
D:2 Natasha


Innate Abilities, Weirdness & Mutations

You can be seen from farther away. (+LOS)
You can swim through water.
You cover ground slowly.
You can hop short distances.


Message History

The white imp gestures at you. The puff of frost misses you.
You closely miss Natasha.
Natasha is severely wounded.
Natasha closely misses you.
Your hound misses Natasha. The bat closely misses you.
You hit Natasha but do no damage.
Natasha is severely wounded.
The bat closely misses you.
Your hound barely misses Natasha.
Natasha claws you.
* * * LOW HITPOINT WARNING * * *
Your hound bites Natasha.
The white imp closely misses you.
You hit Natasha.
Natasha is almost dead.
The bat completely misses you.
Natasha mumbles some strange words.
You feel troubled. Natasha casts a spell at you. The magic dart hits you.
You die...

................#
################# ♣♣♣
####♣♣ ♣♣♣.♣♣♣ ###.
.....♣♣ ♣♣.....♣♣ .....
......♣♣♣....)..♣♣ ......
.≈≈≈...♣...≈†≈..h♣...≈≈≈.
≈≈≈≈≈.....≈≈≈≈≈.@h..≈≈≈≈≈
≈≈♣≈≈.....≈≈_≈≈.5...≈≈♣≈≈
≈≈≈≈≈.....≈≈≈≈≈b....≈≈≈≈≈
.≈≈≈...♣...≈≈≈...♣...≈≈≈.
......♣♣♣.......♣♣♣......
.....♣♣ ♣♣.....♣♣ ♣=....
####♣♣ ♣♣♣.♣♣♣ ♣###. ♣♣♣


You could see Natasha, a white imp (summoned), a bat and a friendly hound
(summoned).

Vanquished Creatures
  A dart slug (D:2)
  A leopard gecko (D:2)
  A goblin (D:1)
  A hobgoblin (D:1)
  A ball python (D:1)
  2 bats
  3 frilled lizards (D:1)
  A kobold (D:1)
  2 rats
13 creatures vanquished.

Vanquished Creatures (collateral kills)
  Natasha (D:2)
  An adder (D:2)
  2 dart slugs
  A bat (D:1)
  3 giant cockroaches
  2 goblins (D:1)
  A hobgoblin (D:2)
  A kobold (D:2)
  A frilled lizard (D:2)
  A rat (D:2)
14 creatures vanquished.

Grand Total: 27 creatures vanquished

Notes
Turn   | Place    | Note
-------+----------+-------------------------------------------
     0 | D:1      | mortelune the Barachi Summoner began the quest for the Orb.
     0 | D:1      | Reached XP level 1. HP: 13/13 MP: 3/3
   299 | D:1      | Reached skill level 5 in Summonings
   813 | D:1      | Reached XP level 2. HP: 12/19 MP: 5/5
  1272 | D:1      | Learned a level 2 spell: Call Imp
  1307 | D:2      | Noticed Natasha
  1311 | D:2      | Noticed a crimson imp
  1315 | D:2      | Killed Natasha
  1315 | D:2      | Reached XP level 3. HP: 20/24 MP: 1/7
  1875 | D:2      | Noticed Natasha
  1879 | D:2      | Learned a level 3 spell: Call Canine Familiar
  2030 | D:2      | Found a white marble altar of Elyvilon.
  2126 | D:2      | Killed from afar by Natasha

Illustrated notes

Levels and vault maps discovered:
D:1:      lightli_arrival_flooded_house, layout_basic
D:2:      layout_basic, elyvilon_altar_3, minmay_pentomino_z2, uniq_natasha

Skill      XL: |  1 |
---------------+----+-----
Summonings     | 5 |  5.8
Dodging        | |  2.1
Stealth        | |  1.7
Spellcasting   | |  2.9

Action                   || total
-------------------------++-------
Melee: Unarmed           ||    23
       Dagger            ||    71
 Cast: Summon Small Mamm ||     4
       Call Imp          ||     3
       Call Canine Famil ||     3
 Stab: Sleeping          ||     1
  Eat: Chunk             ||     4
Armor: Robe              ||    25
Dodge: Dodged            ||    75
